 Dungeon Crawl Stone Soup version 0.19.5 (webtiles) character file.

830 Gargoyl the Skirmisher (level 7, 0/57 (60) HPs)
             Began as a Ghoul Abyssal Knight on May 4, 2017.
             Was a Priest of Lugonu.
             Killed by a spatial distortion (3 damage)
             ... on level 5 of the Dungeon.
             The game lasted 00:11:13 (4219 turns).

Gargoyl the Skirmisher (Ghoul Abyssal Knight)       Turns: 4219, Time: 00:11:14

HP:   0/57 (60)     AC: 15    Str: 14 (16) XL:     7   Next: 97%
MP:   9/9           EV:  9    Int:  4 (5)  God:    Lugonu [***...]
Gold: 207           SH: 12    Dex: 15      Spells: 0 memorised, 6 levels left

rFire  + . .     SeeInvis .     a - +3 hand axe
rCold  + . .     Gourm    .     j - +0 chain mail of Grace {rN+ rCorr Int-2} (curse)
rNeg   + + +     Faith    .     b - +3 shield
rPois  ∞         Spirit   .     e - +1 helmet
rElec  .         Reflect  .     v - +0 cloak
rCorr  +         Harm     .     (no gloves)
MR     .....                    (no boots)
Stlth  ..........               (no amulet)
                                t - +2 ring of protection
                                q - ring of protection from fire

@: agile, rotting
A: rotting body, claws 1, carnivore 3, cold resistance 1, negative energy
resistance 3, slow regeneration 1, torment resistance, unbreathing
a: Depart the Abyss, Bend Space, Banish, Renounce Religion


You were on level 5 of the Dungeon.
You worshipped Lugonu.
Lugonu was most pleased with you.
You were not hungry.

You visited 1 branch of the dungeon, and saw 5 of its levels.
You visited the Abyss 1 time.

You collected 207 gold pieces.

Inventory:

Hand Weapons
 a - a +3 hand axe (weapon)
 m - a +0 trident
Armour
 b - a +3 shield (worn)
 d - a +0 chain mail
 e - a +1 helmet (worn)
 j - the cursed +0 chain mail of Grace (worn) {rN+ rCorr Int-2}
   (You found it on level 4 of the Dungeon)

   It affects your intelligence (-2).
   It protects you from negative energy.
   It protects you from acid and corrosion.
   It has a curse placed upon it.
 v - a +0 cloak (worn)
Jewellery
 f - an uncursed ring of flight
 q - a ring of protection from fire (left claw)
 t - a +2 ring of protection (right claw)
Wands
 k - a wand of random effects (45/48)
Scrolls
 g - 6 scrolls of remove curse
 h - a scroll of blinking
Potions
 i - 3 potions of lignification
Books
 p - Vehumet's Incunabulum of Attacks
   (You found it on level 2 of the Dungeon)

   Spells                             Type                      Level
   a - Magic Dart                     Conjuration                  1
Comestibles
 c - a meat ration
 l - 4 chunks of flesh
 n - a royal jelly
 o - a beef jerky


   Skills:
 + Level 4.6 Fighting
 + Level 4.1 Axes
 * Level 4.5 Armour
 + Level 1.5 Dodging
 + Level 2.9 Shields
 * Level 4.1 Invocations


You had 6 spell levels left.
You didn't know any spells.

Dungeon Overview and Level Annotations

Branches:
Dungeon (5/15)             Temple (0/1) D:4

Altars:
Kikubaaqudgha
Ru
Sif Muna
Vehumet


Innate Abilities, Weirdness & Mutations

Your body is rotting away.
You thrive on raw meat.
You are immune to poison.
You have sharp fingernails.
You are carnivorous and can eat meat at any time.
Your flesh is cold resistant. (rC+)
You are immune to negative energy. (rN+++)
You regenerate slowly when monsters are visible.
You are immune to unholy pain and torment.
You can survive without breathing.


Message History

Something hits you but does no damage. You block the crimson imp's attack.
The crimson imp blinks!
You hit something. Something hits you!
It was a potion of agility.
You feel agile all of a sudden. Something hits you!!
* * * LOW HITPOINT WARNING * * *
It was a potion of mutation.
You feel extremely strange.
Your body decomposes!
You feel weakened.
Your body decomposes!
You feel dopey.
Your body decomposes!
You feel weakened. Something hits you!
* * * LOW HITPOINT WARNING * * *
Okay, then.
Space bends around you!
You blink.
You die...

**,**#....# *#hs.#*
*...,#....#*#Jh...#*
*....#....##..>.>..###########
*.........+#.......#..........
*....##...##..?>)..##########.
*....*#$...##,....## #.
****#.#**####..##,,,** #.
,,,,..,,,* ##..#+++# ##.
***,,,,,,* ##.@5.§# #..
***,,,,,,* ####### #..
,,,,,,>,,*** #.. ,**,,,,,,,,*
#.. ,*,,,,,,,*,* #..
,,,,,_,,,,,* ### ,,,*****,,,*
,,,*,,,*,,,* ,,,*,,,*,,,*


You could see a crimson imp.

Vanquished Creatures
  Eustachio (D:4)
  A centaur (D:5)
  A crimson imp (D:5)
  2 orc priests
  A jelly (D:5)
  2 bullfrog skeletons (D:5)
  Jessica (D:2)
  Natasha (thrice) (D:2)
  2 worker ants
  2 orc wizards (D:4)
  A hound skeleton (D:4)
  4 gnolls
  5 adders
  A howler monkey skeleton (D:5)
  A shadow imp (D:5)
  3 oozes
  An adder skeleton (D:4)
  4 worms
  A dart slug (D:2)
  6 leopard geckos
  8 orcs
  3 giant cockroaches
  2 goblins
  9 hobgoblins
  8 jackals
  8 kobolds
  3 quokkas
  9 bats
  7 frilled lizards
  16 rats
116 creatures vanquished.

Notes
Turn   | Place    | Note
-------+----------+-------------------------------------------
     0 | Abyss:1  | Gargoyl the Ghoul Abyssal Knight began the quest for the Orb.
     0 | Abyss:1  | Reached XP level 1. HP: 19/19 MP: 1/1
     5 | Abyss:1  | Found a corrupted altar of Lugonu.
   153 | Abyss:1  | Noticed a small abomination
   175 | D:1      | Escaped the Abyss
   385 | D:1      | Reached * piety under Lugonu
   551 | D:1      | Reached XP level 2. HP: 14/26 MP: 2/2
   659 | D:1      | Reached skill level 1 in Dodging
  1090 | D:2      | Noticed Jessica
  1096 | D:2      | Killed Jessica
  1096 | D:2      | Reached skill level 1 in Shields
  1096 | D:2      | Reached XP level 3. HP: 31/32 MP: 3/3
  1237 | D:1      | Reached XP level 4. HP: 22/40 MP: 4/4
  1603 | D:2      | Reached XP level 5. HP: 45/46 MP: 5/5
  1721 | D:2      | Found a radiant altar of Vehumet.
  1725 | D:2      | Identified Vehumet's Incunabulum of Attacks
  1728 | D:2      | Found an ancient bone altar of Kikubaaqudgha.
  1729 | D:2      | Found a deep blue altar of Sif Muna.
  1779 | D:2      | Reached ** piety under Lugonu
  1788 | D:2      | Found a faded altar of an unknown god.
  2017 | D:2      | Noticed Natasha
  2026 | D:2      | Killed Natasha
  2167 | D:2      | Noticed Natasha
  2173 | D:2      | Killed Natasha
  2173 | D:2      | Reached XP level 6. HP: 38/52 MP: 7/7
  2231 | D:2      | Noticed Natasha
  2239 | D:2      | Killed Natasha
  2601 | D:3      | Reached *** piety under Lugonu
  3054 | D:4      | Got a coiled brass amulet
  3066 | D:4      | Found a staircase to the Ecumenical Temple.
  3254 | D:4      | Found a sacrificial altar of Ru.
  3378 | D:4      | Reached XP level 7. HP: 44/60 MP: 8/8
  3515 | D:4      | Noticed Eustachio
  3578 | D:4      | Killed Eustachio
  3632 | D:4      | Got a dazzling chain mail
  3643 | D:4      | Identified the cursed +0 chain mail of Grace {rN+ rCorr Int-2} (You found it on level 4 of the Dungeon)
  3665 | D:4      | Identified the amulet of Awuaf {Spirit rF+} (You found it on level 4 of the Dungeon)
  3912 | D:5      | Entered Level 5 of the Dungeon
  4219 | D:5      | Killed by a spatial distortion

Skill      XL: |  1  2  3  4  5  6  7 |
---------------+----------------------+-----
Armour         | 2 3 4 |  4.5
Dodging        | 1 |  1.5
Axes           | 2 3 4 |  4.1
Fighting       | 4 |  4.6
Shields        | 1 2 |  2.9
Invocations    | 3 4 |  4.1

Action                   |  1- 3 |  4- 6 |  7- 9 || total
-------------------------+-------+-------+-------++-------
Melee: Hand axe          |    89 |   382 |   115 ||   586
Invok: Depart the Abyss  |     1 |       |       ||     1
Evoke: Wand              |       |       |     1 ||     1
  Use: Scroll            |     1 |     6 |     4 ||    11
       Potion            |     1 |       |     4 ||     5
 Stab: Paralysed         |       |     2 |       ||     2
       Invisible         |       |     1 |       ||     1
  Eat: Chunk             |     5 |    29 |    12 ||    46
Armor: Chain mail        |    64 |   246 |   109 ||   419
Dodge: Dodged            |     9 |    60 |    37 ||   106
Block: Shield            |    48 |   241 |   103 ||   392
